cohdb
Replays
Latest Replays
All Replays
Popular Replays
Top Player Replays
Match Explorer
How It Works
Community
CoH3 Stats
Reddit
Sign in to upload your games and track your stats! →
Sign in with Steam
1. Fallschirmjäger-Division gameplay lmfaooooooo
Match 43077961
Overview
Messages
Build Orders
End
Construct Barracks
Riflemen Squad
Selects Heavy Weapons
Riflemen Squad
Riflemen Squad
M1 Mortar Team
Construct Medical Station
Infantry Support Center
Grenade Package
Construct Weapon Support Center
Bazooka Squad
Advanced Logistics
M1919 Machine Gun Team
M1918 Browning Automatic Rifles
Selects M2HB .50cal Heavy Machine Gun
Munitions Surplus
Selects Assault Carriers
Selects Halftrack Strongpoints
M1919 Machine Gun Team
Selects Towed M5 3-inch Anti-tank Gun
Towed M5 3-inch Anti-tank Gun
Engineer Squad
Construct Tank Depot
Selects Rapid Reposition
M4A1 Sherman Medium Tank
Selects Bolstered Team Weapons
M3 Assault Carrier
.30 cal Machine Gun
Halftrack Strongpoints
Engineer Squad
M4A1 Sherman Medium Tank
Halftrack Strongpoints
Engineer Squad
M4(105) Sherman Bulldozer
M4(105) Sherman Bulldozer
CAuMOH
✠Kaiser✠ tushkan
Evelynn
Xufe
0
0
Comments
sign in to comment!
No comments posted yet!